 Dungeon Crawl Stone Soup version 0.20-a0-809-gaf7f668 (webtiles) character file.

536 polly the Slasher (level 7, -9/54 HPs)
             Began as a Demonspawn Gladiator on Mar 3, 2017.
             Mangled by Menkaure (17 damage)
             ... on level 4 of the Dungeon.
             The game lasted 00:03:42 (2697 turns).

polly the Slasher (Demonspawn Gladiator)            Turns: 2697, Time: 00:03:43

Health: -9/54      AC: 11    Str: 16    XL:     7   Next: 4%
Magic:  7/7        EV: 13    Int:  9    God:
Gold:   181        SH:  0    Dex: 15    Spells: 6/6 levels left

rFire    . . .     SeeInvis .   a - +0 long sword
rCold    . . .     Gourm    .   k - +2 leather armour {rPois}
rNeg     . . .     Faith    .   (no shield)
rPois    +         Spirit   .   c - +0 helmet
rElec    .         Reflect  .   e - +0 cloak
rCorr    .         Harm     .   r - +0 pair of gloves
MR       .....                  (no boots)
Stlth    ++........             (no amulet)
Regen    0.2/turn               (no ring)
MPRegen  0.1/turn               (no ring)

@: no status effects
A: talons 1, thin metallic scales 2, demonic guardian 1, powered by death 1
a: no special abilities


You were on level 4 of the Dungeon.
You were very hungry.

You visited 1 branch of the dungeon, and saw 4 of its levels.

You collected 181 gold pieces.

Inventory:

Hand Weapons
 a - a +0 long sword (weapon)
Missiles
 d - 3 throwing nets (quivered)
Armour
 c - a +0 helmet (worn)
 e - a +0 cloak (worn)
 k - a +2 leather armour of poison resistance (worn)
 r - a +0 pair of gloves (worn)
Jewellery
 v - a cursed ring of teleportation {unknown}
Scrolls
 h - a scroll of fog
 i - a scroll of magic mapping
 j - a scroll of remove curse
 m - 2 scrolls of recharging
 s - a scroll of identify
 t - a scroll of amnesia {unknown}
Potions
 b - a potion of invisibility {unknown}
 l - a potion of curing {unknown}
 n - a potion of flight {unknown}
 o - 2 potions of mutation {unknown}
 p - a potion of haste {unknown}
Comestibles
 f - a bread ration
 g - a meat ration
 q - 20 fruits


   Skills:
 + Level 4.0 Fighting
 + Level 5.3 Long Blades
 + Level 2.0 Throwing
 + Level 2.0 Armour
 + Level 3.6 Dodging
 + Level 1.2 Stealth


You had 6 spell levels left.
You didn't know any spells.

Dungeon Overview and Level Annotations

Branches:
Dungeon (4/15)
 Temple: D:4-7

Altars:
Qazlal
Trog
Uskayaw

Annotations:
D:4 Menkaure


Innate Abilities, Weirdness & Mutations

You have sharp toenails.
You are mostly covered in thin metallic scales. (AC +3)
A weak demonic guardian rushes to your aid.
You regenerate a little health from kills.


Message History

Menkaure gestures wildly while chanting.
Menkaure seems to speed up.
Your white imp gestures at the orc.
The puff of frost hits the orc.
The orc dies!
Your shadow imp hits Menkaure but does no damage.
You slash the orc!
You kill the orc!
Menkaure barely misses your shadow imp.
Your shadow imp hits Menkaure.
Menkaure hits you!
* * * LOW HITPOINT WARNING * * *
Found 8 bolts.
A worker ant comes into view.
Things that are here:
a short sword; a ring mail Unknown command.
You hit Menkaure but do no damage.
Menkaure is lightly damaged.
Menkaure hits you!
You die...

.................
#...#####.#.....
#.........#.....
###....#####.... #
#....#..#####... #a
#.##......######
#####.###..#####........
......M5..%.............
......5@).######........
.........## ###......
(.......## ......
........# ......
######### ...... ..(...
......


You could see Menkaure, a worker ant, a friendly white imp and a friendly shadow
imp.

Vanquished Creatures
  The ghost of Icer the Slasher, an amateur DsCK of Xom (D:3)
  The ghost of silverhex the Charlatan, an amateur GrAr (D:4)
  2 orc wizards (D:3)
  A worker ant (D:4)
  2 adders
  A howler monkey skeleton (D:4)
  2 oozes (D:1)
  3 worms (D:2)
  4 dart slugs
  3 leopard geckos
  5 orcs
  5 giant cockroaches
  6 goblins
  6 hobgoblins
  A quokka (D:2)
  4 bats
  4 frilled lizards
  7 kobolds
  6 rats
64 creatures vanquished.

Vanquished Creatures (collateral kills)
  A phantom (D:4)
  A scorpion (D:4)
  A hound (D:4)
  3 adders
  A worm (D:2)
  2 orcs (D:4)
  2 hobgoblins (D:2)
11 creatures vanquished.

Grand Total: 75 creatures vanquished

Notes
Turn   | Place    | Note
-------+----------+-------------------------------------------
     0 | D:1      | polly the Demonspawn Gladiator began the quest for the Orb.
     0 | D:1      | Reached XP level 1. HP: 16/16 MP: 1/1
   280 | D:1      | Gained mutation: You have sharp toenails. [demonic ancestry]
   280 | D:1      | Reached XP level 2. HP: 20/22 MP: 2/2
   495 | D:1      | Reached skill level 3 in Long Blades
   541 | D:1      | Gained mutation: A weak demonic guardian rushes to your aid. [demonic ancestry]
   541 | D:1      | Reached XP level 3. HP: 26/27 MP: 3/3
   733 | D:2      | Reached XP level 4. HP: 8/34 MP: 4/4
  1092 | D:2      | Found a hide-covered altar of Uskayaw.
  1247 | D:3      | Noticed Icer's ghost (amateur DsCK)
  1257 | D:3      | Killed Icer's ghost
  1257 | D:3      | Reached skill level 4 in Long Blades
  1257 | D:3      | Reached skill level 1 in Armour
  1257 | D:3      | Gained mutation: You are partially covered in thin metallic scales. (AC +2) [demonic ancestry]
  1257 | D:3      | Reached XP level 5. HP: 39/41 MP: 5/5
  1826 | D:3      | Found a stormy altar of Qazlal.
  2295 | D:3      | Found a bloodstained altar of Trog.
  2361 | D:4      | Gained mutation: You regenerate a little health from kills. [demonic ancestry]
  2361 | D:4      | Reached XP level 6. HP: 47/47 MP: 6/6
  2364 | D:4      | Noticed silverhex's ghost (amateur GrAr)
  2383 | D:4      | Killed silverhex's ghost
  2383 | D:4      | Reached skill level 5 in Long Blades
  2443 | D:4      | Reached skill level 1 in Stealth
  2448 | D:4      | HP: 2/48 [poisoned by a scorpion]
  2448 | D:4      | Gained mutation: You are mostly covered in thin metallic scales. (AC +3) [demonic ancestry]
  2448 | D:4      | Reached XP level 7. HP: 3/54 MP: 7/7
  2461 | D:4      | HP: 2/54 [poisoned by a scorpion]
  2469 | D:4      | HP: 1/54 [poisoned by a scorpion]
  2692 | D:4      | Noticed Menkaure
  2697 | D:4      | Mangled by Menkaure

Vault maps used:
D:1:      lordsloth_arrival_two_stooges
D:2:      lemuel_round_altar
D:3:      nicolae_qazlal_general_emergency, lightli_temple_of_fire,
          dk_vineyard_1, mrwooster_statue_mirror, corner_web_ring
D:4:      first_bread, uniq_menkaure

Skill      XL: |  1  2  3  4  5  6 |
---------------+-------------------+-----
Dodging        | 3 |  3.6
Long Blades    | 3 4 5 |  5.3
Throwing       | 2 |  2.0
Fighting       | 3 4 |  4.0
Armour         | 1 2 |  2.0
Stealth        | 1 |  1.2

Action                   |  1- 3 |  4- 6 |  7- 9 || total
-------------------------+-------+-------+-------++-------
Melee: Long sword        |    71 |   140 |     5 ||   216
       Kick              |    18 |    41 |       ||    59
  Use: Scroll            |       |     4 |       ||     4
 Stab: Sleeping          |     2 |     2 |       ||     4
       Distracted        |       |     1 |       ||     1
  Eat: Chunk             |       |     5 |       ||     5
Armor: Leather armour    |    34 |    55 |     1 ||    90
Dodge: Dodged            |    51 |   103 |     4 ||   158
       Rpst.: Long sword |    13 |    34 |       ||    47
